 Dungeon Crawl Stone Soup version 0.20-a0-494-gf50ee04 (webtiles) character file.

902 tsouns the Chopper (level 8, -1/62 HPs)
             Began as a Hill Orc Fire Elementalist on Jan 16, 2017.
             Killed from afar by anet's ghost (5 damage)
             ... with a magic dart
             ... on level 5 of the Dungeon on Jan 17, 2017.
             The game lasted 00:16:23 (4586 turns).

tsouns the Chopper (Hill Orc Fire Elementalist)     Turns: 4586, Time: 00:16:24

Health: -1/62      AC:  6    Str: 12    XL:     8   Next: 7%
Magic:  0/12       EV: 12    Int: 16    God:    Xom [.*....]
Gold:   292        SH:  0    Dex: 11    Spells: 2/12 levels left

rFire    . . .     SeeInvis .   r - +2 hand axe (vamp)
rCold    . . .     Gourm    .   a - +1 robe
rNeg     . . .     Faith    .   (no shield)
rPois    .         Spirit   .   (no helmet)
rElec    .         Reflect  .   (no cloak)
rCorr    .         Harm     .   A - +2 pair of gloves
MR       +....     Clarity  +   (no boots)
Stlth    ++........             (no amulet)
Regen    0.2/turn               (no ring)
                                (no ring)

@: no status effects
A: clarity, magic resistance 1, robust 1
a: Renounce Religion


You were on level 5 of the Dungeon.
You worshipped Xom.
You were a plaything of Xom.
You were not hungry.

You visited 1 branch of the dungeon, and saw 5 of its levels.
You also visited: Sewer.

You collected 292 gold pieces.

Inventory:

Hand Weapons
 e - a +0 hand axe
 h - a +0 mace
 l - a +0 spear
 n - a +1 short sword of protection
 r - a +2 vampiric hand axe (weapon)
 y - a +0 war axe of venom
Missiles
 o - 151 stones
 q - 3 throwing nets (quivered)
Armour
 a - a +1 robe (worn)
 A - a +2 pair of gloves (worn)
Wands
 m - a wand of random effects (15/48)
 D - a wand of paralysis (12/24)
Scrolls
 d - 5 scrolls of amnesia
 v - a scroll of random uselessness
 z - 4 scrolls of recharging
 B - a scroll of immolation
 E - a scroll of remove curse
Potions
 f - 2 potions of haste
 g - 2 potions of degeneration {unknown}
 i - a potion of berserk rage {unknown}
 j - 4 potions of mutation
 s - a potion of heal wounds {unknown}
 t - a potion of curing {unknown}
 u - 2 potions of agility {unknown}
 x - a potion of might {unknown}
Books
 b - a book of Flames

   Spells                             Type                      Level
   a - Flame Tongue                   Conjuration/Fire             1
   b - Throw Flame                    Conjuration/Fire             2
   c - Conjure Flame                  Conjuration/Fire             3
   d - Inner Flame                    Hexes/Fire                   3
   e - Sticky Flame                   Conjuration/Fire             4
   f - Fireball                       Conjuration/Fire             5
Comestibles
 c - 4 bread rations
 k - a slice of pizza
 p - a chunk of flesh
 w - 3 meat rations
 C - a beef jerky


   Skills:
 * Level 7.6 Axes
 - Level 1.5 Dodging
 - Level 1.5 Stealth
 - Level 2.7 Spellcasting
 + Level 4.2 Conjurations
 + Level 5.4 Fire Magic


You had 2 spell levels left.
You knew the following spells:

 Your Spells              Type           Power        Failure   Level  Hunger
a - Flame Tongue          Conj/Fire      ###..        2%          1    #......
b - Throw Flame           Conj/Fire      ###...       4%          2    ##.....
c - Conjure Flame         Conj/Fire      ###.....     10%         3    ###....
d - Sticky Flame          Conj/Fire      ###.....     28%         4    #####..


Dungeon Overview and Level Annotations

Branches:
Dungeon (5/15)
 Temple: D:4-7

Altars:
Hepliaklqana
Trog
Xom

Annotations:
D:4 nono's ghost, amateur HaFi
D:5 anet's ghost, novice HaWz


Innate Abilities, Weirdness & Mutations

You possess an exceptional clarity of mind.
You are resistant to hostile enchantments. (MR+)
You are robust. (+10% HP)


Message History

Aiming: Flame Tongue
Press: ? - help, Shift-Dir - straight line, f - you You hear some strange, mumbled words.
A magic dart appears from out of thin air!
The magic dart hits you!
* * * LOW HITPOINT WARNING * * *
You hear some strange, mumbled words.
A magic dart appears from out of thin air!
The magic dart hits you!
* * * LOW HITPOINT WARNING * * *
It was a potion of mutation.
You feel extremely strange.
You feel robust.
You feel resistant to hostile enchantments.
Your thoughts seem clearer.
Xom thinks this is hilarious!
You hear some strange, mumbled words.
A magic dart appears from out of thin air!
The magic dart hits you!
You die... "Huh?
Did I miss anything?"

#########. . ##......##.
..### #..........
.....####### #..........
...........## #...>......
............###.....)....
.........................
.......{...###...........
........@..# ##..........
........<..# #..........
...........# #..........
...........# #..........
...........# #..........
...........# #..........
###.......# #<......###
######### #....#### #
###### #


There were no monsters in sight!

Vanquished Creatures
  A hippogriff (D:4)
  Purgy (Sewer)
  2 ogres
  A bullfrog (D:5)
  2 hounds (D:4)
  2 jellies (D:5)
  An orc priest (D:4)
  An orc wizard (D:4)
  A worker ant (D:5)
  9 adders
  A river rat (D:5)
  An ooze (D:3)
  4 dart slugs
  2 leopard geckos
  12 orcs
  5 ball pythons
  8 bats
  7 giant cockroaches
  8 goblins
  6 hobgoblins
  6 jackals
  9 kobolds
  2 quokkas
  3 frilled lizards
  9 rats
104 creatures vanquished.

Notes
Turn   | Place    | Note
-------+----------+-------------------------------------------
     0 | D:1      | tsouns the Hill Orc Fire Elementalist began the quest for the Orb.
     0 | D:1      | Reached XP level 1. HP: 14/14 MP: 3/3
   157 | D:1      | Reached XP level 2. HP: 20/20 MP: 1/4
   162 | D:1      | Learned a level 2 spell: Throw Flame
   531 | D:1      | Reached XP level 3. HP: 16/26 MP: 3/5
  1319 | D:2      | Reached XP level 4. HP: 25/33 MP: 0/6
  1482 | D:2      | Learned a level 3 spell: Conjure Flame
  1482 | D:2      | Upgraded the game from 0.20-a0-493-g19c8d8d to 0.20-a0-494-gf50ee04
  1983 | D:3      | Found a faded altar of an unknown god.
  1994 | D:3      | Became a worshipper of Xom the Tricky
  2128 | D:3      | Reached skill level 1 in Axes
  2222 | D:3      | XOM: divination: detect creatures
  2362 | D:3      | XOM: harmless Erth miscast
  2406 | D:3      | Reached skill level 2 in Axes
  2406 | D:3      | Reached XP level 5. HP: 27/38 MP: 2/8
  2473 | D:3      | XOM: divination: detect creatures
  2902 | D:4      | Noticed nono's ghost (amateur HaFi)
  2909 | D:4      | XOM: silly message
  2940 | D:4      | Noticed an ogre
  2947 | D:4      | Killed an ogre
  2947 | D:4      | Reached skill level 3 in Axes
  3201 | D:4      | XOM: divination: detect creatures
  3207 | D:4      | Reached skill level 4 in Axes
  3207 | D:4      | Reached XP level 6. HP: 41/45 MP: 3/9
  3253 | D:4      | XOM: silly message
  3303 | D:4      | Found a hazy altar of Hepliaklqana.
  3303 | D:4      | Found a bloodstained altar of Trog.
  3332 | D:4      | XOM: confuse monster(s)
  3335 | D:4      | Reached skill level 5 in Axes
  3409 | D:4      | Learned a level 4 spell: Sticky Flame
  3487 | D:4      | Noticed a hippogriff
  3495 | D:4      | Killed a hippogriff
  3495 | D:4      | Reached skill level 6 in Axes
  3495 | D:4      | Reached XP level 7. HP: 33/50 MP: 1/11
  3850 | D:5      | Entered Level 5 of the Dungeon
  3851 | D:5      | Found a glowing drain.
  4044 | Sewer    | Entered a sewer
  4110 | Sewer    | Noticed Purgy
  4116 | Sewer    | Killed Purgy
  4116 | Sewer    | Reached skill level 5 in Fire Magic
  4194 | D:5      | XOM: mild Divn miscast
  4251 | D:5      | Reached skill level 7 in Axes
  4456 | D:5      | XOM is BORED!
  4456 | D:5      | XOM: 1-stop teleportation journey
  4531 | D:5      | Reached XP level 8. HP: 50/57 MP: 2/12
  4566 | D:5      | Noticed anet's ghost (novice HaWz)
  4586 | D:5      | Gained mutation: You are robust. (+10% HP) [potion of mutation]
  4586 | D:5      | Gained mutation: You are resistant to hostile enchantments. (MR+) [potion of mutation]
  4586 | D:5      | Gained mutation: You possess an exceptional clarity of mind. [potion of mutation]
  4586 | D:5      | Killed from afar by anet's ghost

Vault maps used:
D:1:      minmay_arrival_cross, minmay_octomino_j4
D:2:      first_bread
D:3:      chequers_ecumenical_altar_simple
D:4:      gammafunk_temple_overflow_elements, minivault_5
D:5:      lemuel_doored_altar, portal_sewer_entry_b, serial_shops, shop_statue
Sewer:    sewer_the_crocodile

Skill      XL: |  1  2  3  4  5  6  7 |
---------------+----------------------+-----
Conjurations   | 2 3 4 |  4.2
Fire Magic     | 4 5 |  5.4
Axes           | 2 4 6 7 |  7.6
Spellcasting   | 2 |  2.7
Dodging        | |  1.5
Stealth        | |  1.5

Action                   |  1- 3 |  4- 6 |  7- 9 || total
-------------------------+-------+-------+-------++-------
Melee: Unarmed           |     7 |       |       ||     7
       Spear             |    27 |    10 |       ||    37
       Mace              |     3 |       |       ||     3
       Hand axe          |       |    67 |    55 ||   122
 Cast: Flame Tongue      |    44 |    69 |    40 ||   153
       Throw Flame       |     2 |     5 |     5 ||    12
       Sticky Flame      |       |       |     2 ||     2
Evoke: Wand              |       |       |     5 ||     5
  Use: Scroll            |       |    10 |     2 ||    12
       Potion            |       |       |     1 ||     1
 Stab: Sleeping          |     2 |       |     1 ||     3
  Eat: Chunk             |     3 |     7 |     5 ||    15
       Fruit             |       |     2 |       ||     2
       Royal jelly       |       |     1 |       ||     1
       Beef jerky        |       |     1 |       ||     1
Armor: Robe              |    11 |    30 |    18 ||    59
Dodge: Dodged            |    33 |    79 |    37 ||   149
